 Dungeon Crawl Stone Soup version 0.29-a0-330-g52719c12eb (webtiles) character file.

Game seed: 14841485562281881088

30 Anon1729 the Chopper (level 3, -3/33 HPs)
             Began as a Minotaur Monk on Apr 30, 2022.
             Was a Priest of Cheibriados.
             Slain by an iguana (4 damage)
             ... on level 2 of the Dungeon.
             The game lasted 00:00:56 (1454 turns).

Anon1729 the Chopper (Minotaur Monk)                Turns: 1454, Time: 00:00:57

Health: -3/33      AC:  2    Str: 24    XL:     3   Next: 5%
Magic:  2/2        EV: 13    Int: 14    God:    Cheibriados [***...]
Gold:   75         SH:  0    Dex: 19    Spells: 2/2 levels left

rFire   . . .      SeeInvis .   a - +0 hand axe
rCold   . . .      Faith    .   (no shield)
rNeg    . . .      Spirit   .   b - +0 robe
rPois   .          Reflect  .   (helmet restricted)
rElec   .          Harm     .   (no cloak)
rCorr   .          Rampage  .   (no gloves)
Will    .....                   (no boots)
Stlth   ++........              (no amulet)
HPRegen 0.11/turn               (no ring)
MPRegen 0.08/turn               (no ring)

@: very slow
A: horns 2, retaliatory headbutt
a: Renounce Religion, Bend Time, Temporal Distortion


You were on level 2 of the Dungeon.
You worshipped Cheibriados.
Cheibriados was most pleased with you.
You visited 1 branch of the dungeon, and saw 2 of its levels.

You collected 75 gold pieces.

Inventory:

Hand Weapons
 a - a +0 hand axe (weapon)
Armour
 b - a +0 robe (worn)
Scrolls
 d - a scroll of noise {unknown}
 g - a scroll of enchant weapon {unknown}
 i - a scroll of identify {unknown}
 k - a scroll of fog {unknown}
Potions
 c - a potion of ambrosia
 e - a potion of mutation {unknown}
 f - a potion of might {unknown}
 h - a potion of attraction {unknown}
 j - a potion of heal wounds {unknown}


   Skills:
 + Level 4.0 Fighting
 * Level 4.4 Axes
 + Level 1.4 Armour
 - Level 3.2 Dodging
 - Level 1.5 Stealth


You had 2 spell levels left.
You didn't know any spells.
Your spell library was empty.

Dungeon Overview and Level Annotations

Branches:
Dungeon (2/15)

Altars:
Cheibriados


Innate Abilities, Weirdness & Mutations

You have a pair of horns on your head.
You reflexively headbutt those who attack you in melee.


Message History

You hit the kobold. You headbutt the kobold.
You kill the kobold!
Cheibriados appreciates the change of pace.
No target in view!
No target in view!
No target in view!
No target in view!
No target in view!
An iguana comes into view.
An iguana is nearby!
An iguana is nearby!
Things that are here:
a +0 club; a stone; a kobold corpse A quokka comes into view.
Found a robe.
The iguana hisses angrily.
The iguana bites you.
You hit the iguana but do no damage. The iguana bites you!
You barely miss the iguana. The iguana bites you.
You hit the iguana. You headbutt the iguana!
The iguana is severely wounded.
The iguana bites you!
You are too injured to fight recklessly!
You are too injured to fight recklessly!
You are too injured to fight recklessly!
You are too injured to fight recklessly!
You are too injured to fight recklessly!
You are too injured to fight recklessly!
You are too injured to fight recklessly!
There are monsters nearby!
There are monsters nearby!
You hit the iguana but do no damage.
The iguana is severely wounded.
A rat comes into view.
The iguana bites you!
* * * LOW HITPOINT WARNING * * *
You hit the iguana. You punch the iguana.
The iguana is almost dead.
The iguana bites you.
You die...

.............#......##.#
.............#...##.##.#
.......>.....#.........#
.............#.####.####
#...........######.#
#r.......)......†..#
#..........#########
#..........#
.......@...#
.......l.......
...............
.######.......[
#........ #........
#....r... .........


You could see an iguana, a quokka and a rat.

Vanquished Creatures
  An adder (D:2)
  A dart slug (D:1)
  3 goblins (D:1)
  4 hobgoblins (D:1)
  2 kobolds
  A quokka (D:1)
  A ball python (D:2)
  3 bats (D:1)
  2 frilled lizards (D:1)
  A rat (D:1)
19 creatures vanquished.

Notes
Turn   | Place    | Note
-------+----------+-------------------------------------------
     0 | D:1      | Anon1729 the Minotaur Monk began the quest for the Orb.
     0 | D:1      | Reached XP level 1. HP: 19/19 MP: 0/0
    50 | D:1      | Found a faded altar of an unknown god.
    67 | D:1      | Prayed at the altar of an unknown god.
    67 | D:1      | Became a worshipper of Cheibriados the Contemplative
    67 | D:1      | Reached * piety under Cheibriados
    67 | D:1      | Reached ** piety under Cheibriados
   517 | D:1      | Reached XP level 2. HP: 27/27 MP: 1/1
   539 | D:1      | Reached *** piety under Cheibriados
   829 | D:1      | Reached skill level 1 in Armour
  1385 | D:2      | Reached XP level 3. HP: 33/33 MP: 2/2
  1453 | D:2      | HP: 1/33 [iguana (9)]
  1454 | D:2      | Slain by an iguana

Illustrated notes

Levels and vault maps discovered:
D:1:      dpeg_arrival_water_temple_mockup, layout_loops_ring, serial_glass,
          glass_columns_a, glass_columns_a, glass_columns_a, glass_columns_a,
          minmay_strange_pillars, due_unseen_surprise,
          shapermc_ecumenical_altar_starsandcircs, minmay_misc_feat_tower
D:2:      layout_basic, basic_altar, minmay_pentomino_x4

Skill      XL: |  1  2 |
---------------+-------+-----
Axes           | 4 |  4.4
Armour         | 1 |  1.4
Fighting       | 4 |  4.0
Dodging        | |  3.2
Stealth        | |  1.5

Action                   || total
-------------------------++-------
Melee: Hand axe          ||    45
       Headbutt          ||     4
       Punch             ||     1
 Stab: Sleeping          ||     1
Armor: Robe              ||     8
Dodge: Dodged            ||    33

Table legend: (Time is in decaauts)
 A = Elapsed time spent in this place.
 B = Non-inter-level travel time spent in this place.
 C = Inter-level travel time spent in this place.
 D = Time resting spent in this place.
 E = Time spent auto-exploring this place.
 F = Levels seen in this place.
 G = Mean time per level.
                   A        B        C        D        E       F      G
               +--------+--------+--------+--------+--------+-----+--------+
         Total |   1874 |   1806 |     68 |    169 |   1423 |   2 |  937.0 |
       Dungeon |   1874 |   1806 |     68 |    169 |   1423 |   2 |  937.0 |
               +--------+--------+--------+--------+--------+-----+--------+

Top non-repeatable levels by time:
     D:1: 1759 daAuts
     D:2: 115 daAuts
